 Dungeon Crawl Stone Soup version 0.32-a0-872-g59262bdc9b (webtiles) character file.

Game seed: 15740455013298969269

265 601d51SH the Shield-Bearer (level 6, -7/47 HPs)
             Began as a Gnoll Fighter on Mar 31, 2024.
             Was a Follower of Hepliaklqana.
             Mangled by Edmund
             ... wielding a +3 heavy dire flail
              (18 damage)
             ... on level 4 of the Dungeon.
             The game lasted 00:04:17 (2938 turns).

601d51SH the Shield-Bearer (Gnoll Fighter)          Turns: 2938, Time: 00:04:17

Health: -7/47      AC:  7    Str: 17    XL:     6   Next: 20%
Magic:  8/8        EV:  8    Int:  8    God:    Hepliaklqana [*.....]
Gold:   286        SH:  5    Dex: 11    Spells: 7/8 levels left

rFire   . . .        a - +0 long sword
rCold   . . .        c - +0 buckler
rNeg    . . .        b - +0 scale mail
rPois   .            (no helmet)
rElec   .            (no cloak)
rCorr   .            (no gloves)
SInv    .            (no boots)
Will    .....        (no amulet) Stlth
                     i - ring of ice
HPRegen 0.27/turn    k - ring of fire
MPRegen 0.11/turn

%: no passive effects
@: no status effects
A: reduced essence, fangs 1, strong nose, distributed training
a: Renounce Religion, Recall Ancestor, Ancestor Identity


You were on level 4 of the Dungeon.
You worshipped Hepliaklqana.
Hepliaklqana was aware of your devotion.
You visited 1 branch of the dungeon, and saw 4 of its levels.

You collected 286 gold pieces.

Inventory:

Hand Weapons
 a - a +0 long sword (weapon)
Armour
 b - a +0 scale mail (worn)
 c - a +0 buckler (worn)
Jewellery
 i - a ring of ice (left hand)
 k - a ring of fire (right hand)
Scrolls
 e - 2 scrolls of noise {unknown}
 f - 4 scrolls of identify {unknown}
 g - a scroll of brand weapon {unknown}
 j - a scroll of vulnerability {unknown}
 l - 2 scrolls of blinking {unknown}
 n - a scroll of poison {unknown}
 o - a scroll of butterflies {unknown}
 p - a scroll of teleportation {unknown}
 q - 2 scrolls of amnesia {unknown}
 r - a scroll of immolation {unknown}
Potions
 d - a potion of might
 h - a potion of attraction {unknown}
 m - a potion of brilliance {unknown}
 s - a potion of heal wounds {unknown}
 t - a potion of magic {unknown}
 u - a potion of lignification {unknown}


   Skills:
 + Level 6.8 Fighting
 + Level 1.9 Short Blades
 + Level 5.0 Long Blades
 + Level 1.9 Axes
 + Level 1.9 Maces & Flails
 + Level 1.9 Polearms
 + Level 1.9 Staves
 + Level 1.9 Ranged Weapons
 + Level 1.9 Throwing
 + Level 6.8 Armour
 + Level 1.9 Dodging
 + Level 1.9 Stealth
 + Level 6.8 Shields
 + Level 1.9 Unarmed Combat
 + Level 1.9 Spellcasting
 + Level 1.5 Conjurations
 + Level 1.5 Hexes
 + Level 1.5 Summonings
 + Level 1.5 Necromancy
 + Level 1.5 Translocations
 + Level 1.5 Fire Magic
 + Level 1.5 Ice Magic
 + Level 1.5 Air Magic
 + Level 1.5 Earth Magic
 + Level 1.5 Alchemy
 + Level 2.1 Invocations
 + Level 1.9 Evocations
 + Level 1.7 Shapeshifting


You had 7 spell levels left.
You knew the following spells:

 Your Spells              Type           Power      Damage    Failure   Level
a - Necrotise             Necr           12%        1d4       56%         1

Your spell library contained the following spells:

 Spells                   Type           Power      Damage    Failure   Level
 Kiss of Death            Conj/Necr      12%        2d6       56%         1
 Summon Small Mammal      Summ           12%        N/A       56%         1
 Blink                    Tloc           6%         N/A       71%         2
 Lesser Beckoning         Tloc           6%         N/A       71%         2
 Momentum Strike          Conj/Tloc      6%         3d8       71%         2
 Call Canine Familiar     Summ           3%         N/A       91%         3
 Confusing Touch          Hex            3%         N/A       91%         3
 Vampiric Draining        Necr           3%         2d6       91%         3
 Dispel Undead            Necr           3%         3d7       100%        4
 Martyr's Knell           Necr/Summ      3%         N/A       100%        4
 Summon Blazeheart Golem  Fire/Summ      4%         N/A       100%        4
 Curse of Agony           Necr           3%         N/A       100%        5


Dungeon Overview and Level Annotations

Branches:
Dungeon (4/15)
 Temple: D:4-7

Altars:
Fedhas
Hepliaklqana
Uskayaw

Annotations:
D:4 3 runed translucent doors, Edmund; yleetSyT's ghost, amateur CoBr


Innate Abilities, Weirdness & Mutations

Your life essence is reduced to manifest your ancestor. (-10% HP)
You have very sharp teeth.
Your uncanny sense of smell can sniff out nearby items.
Your experience applies equally to all skills.


Message History

Edmund is moderately wounded.
Edmund completely misses you.
You closely miss Edmund.
Edmund is moderately wounded.
You hit Edmund but do no damage. You bite Edmund, but do no damage.
Edmund is moderately wounded.
Edmund says, "A flail is better than a scythe, any day of the week!"
You block Edmund's attack.
You barely miss Edmund. You bite Edmund, but do no damage.
Edmund is moderately wounded.
Edmund closely misses you.
You barely miss Edmund.
Edmund is moderately wounded.
Edmund hits you with a +3 heavy dire flail!
You hit Edmund but do no damage.
Edmund is moderately wounded.
Edmund hits you with a +3 heavy dire flail!
You hit Edmund. You bite Edmund, but do no damage.
Edmund is moderately wounded.
You block Edmund's attack.
You slash Edmund!
Edmund is heavily wounded.
You hit Edmund. You bite Edmund, but do no damage.
Edmund is severely wounded.
Edmund barely misses you.
You hit Edmund.
Edmund is severely wounded.
Edmund barely misses you.
You hit Edmund but do no damage. Your bite misses Edmund.
Edmund is severely wounded.
Edmund hits you with a +3 heavy dire flail!
* * * LOW HITPOINT WARNING * * *
You barely miss Edmund.
Edmund is severely wounded.
You hit Edmund. You bite Edmund.
Edmund is almost dead.
Edmund hits you with a +3 heavy dire flail!!
You die...
Edmund whines, "They better pay attention to me now!"
Hepliaklqana delivers you to your ancestors.

#.#.....#.#
######.# ∆
###.#####.#
#......#
####.#####.#
#.###### ∆
#.......##.#
#.#....# ∆∆
#.########.#
#.#.##.#
##..# #....#
#.#..#.#
#...# #.##.#
#.##.#.#
#...####.####
#....#.# ..ß
###....#R@@.#
######.# ..#
####.####.#
#......####
..# #......#
# #.######..#
..# #.#.##.#
#.#....##.#
..# #.#....#
#.#.##.##.#
.. #.######
#.#..#.##.#
'##########.#
#.##.#.##.#
..........#.#
#....#.##.#
.....#....#.#
######.##.#


You could see the friendly Nenu Evo the ancestor and Edmund (ally target).

Vanquished Creatures
  A scorpion (D:4)
  Natasha (thrice) (D:2)
  3 adders
  3 gnolls (D:3)
  2 dart slugs (D:1)
  A ribbon worm (D:2)
  4 endoplasms
  2 giant cockroaches (D:2)
  8 goblins
  8 hobgoblins
  4 jackals (D:4)
  5 kobolds
  5 quokkas
  6 ball pythons
  9 bats
  6 frilled lizards
  2 rats
  A spectral kobold (D:3)
73 creatures vanquished.

Notes
Turn   | Place    | Note
-------+----------+-------------------------------------------
     0 | D:1      | 601d51SH the Gnoll Fighter began the quest for the Orb.
     0 | D:1      | Reached XP level 1. HP: 23/23 MP: 1/1
   153 | D:1      | Reached XP level 2. HP: 29/29 MP: 2/2
   535 | D:1      | You fall into a shaft and drop 1 floor!
   601 | D:2      | Reached XP level 3. HP: 35/35 MP: 3/3
   675 | D:2      | Noticed Natasha
   684 | D:2      | Killed Natasha
   685 | D:2      | Reached skill level 1 in Short Blades
   685 | D:2      | Reached skill level 1 in Axes
   685 | D:2      | Reached skill level 1 in Maces & Flails
   685 | D:2      | Reached skill level 1 in Polearms
   685 | D:2      | Reached skill level 1 in Staves
   685 | D:2      | Reached skill level 1 in Ranged Weapons
   685 | D:2      | Reached skill level 1 in Throwing
   685 | D:2      | Reached skill level 1 in Dodging
   685 | D:2      | Reached skill level 1 in Stealth
   685 | D:2      | Reached skill level 1 in Unarmed Combat
   685 | D:2      | Reached skill level 1 in Spellcasting
   685 | D:2      | Reached skill level 1 in Invocations
   685 | D:2      | Reached skill level 1 in Evocations
   766 | D:2      | Noticed Natasha
   770 | D:2      | Reached skill level 1 in Shapeshifting
   770 | D:2      | Reached XP level 4. HP: 41/41 MP: 5/5
   780 | D:2      | Killed Natasha
   781 | D:2      | Reached skill level 1 in Conjurations
   781 | D:2      | Reached skill level 1 in Hexes
   781 | D:2      | Reached skill level 1 in Summonings
   781 | D:2      | Reached skill level 1 in Necromancy
   781 | D:2      | Reached skill level 1 in Translocations
   781 | D:2      | Reached skill level 1 in Fire Magic
   781 | D:2      | Reached skill level 1 in Ice Magic
   781 | D:2      | Reached skill level 1 in Air Magic
   781 | D:2      | Reached skill level 1 in Earth Magic
   781 | D:2      | Reached skill level 1 in Alchemy
   799 | D:2      | Noticed Natasha
   803 | D:2      | Killed Natasha
   897 | D:2      | Reached XP level 5. HP: 45/47 MP: 7/7
  1317 | D:2      | Found a faded altar of an unknown god.
  1474 | D:3      | Found a hide-covered altar of Uskayaw.
  1699 | D:3      | Learned a level 1 spell: Necrotise
  1933 | D:3      | Found a hazy altar of Hepliaklqana.
  1947 | D:3      | Became a worshipper of Hepliaklqana the Forgotten
  2180 | D:4      | Reached XP level 6. HP: 19/53 MP: 8/8
  2617 | D:4      | Reached skill level 5 in Long Blades
  2644 | D:4      | Found a blossoming altar of Fedhas.
  2740 | D:4      | Found a runed translucent gate.
  2740 | D:4      | Found a runed translucent gate.
  2742 | D:4      | Found a runed translucent gate.
  2754 | D:4      | Noticed yleetSyT's ghost (amateur CoBr)
  2805 | D:4      | Reached * piety under Hepliaklqana
  2924 | D:4      | Noticed Edmund
  2938 | D:4      | Mangled by Edmund

Illustrated notes

Levels and vault maps discovered:
D:1:      dpeg_chamrin_arrival_tetris, layout_rooms
D:2:      layout_rooms, nicolae_ecumenical_lake_church, uniq_natasha
D:3:      layout_loops_cross, amcnicky_altar_gilded,
          nicolae_hepliaklqana_monster_ancestors
D:4:      minmay_chambers_of_twos, layout_basic,
          mainiacjoe_overflow_concentric_impassable,
          minmay_temple_entry_poolview, gammafunk_ghost_split,
          patterned_corridor, uniq_edmund

Skill      XL: |  1  2  3  4  5  6 |
---------------+-------------------+-----
Short Blades   | 1 |  1.9
Axes           | 1 |  1.9
Maces & Flails | 1 |  1.9
Polearms       | 1 |  1.9
Staves         | 1 |  1.9
Ranged Weapons | 1 |  1.9
Throwing       | 1 |  1.9
Dodging        | 1 |  1.9
Stealth        | 1 |  1.9
Unarmed Combat | 1 |  1.9
Spellcasting   | 1 |  1.9
Invocations    | 1 2 |  2.1
Evocations     | 1 |  1.9
Shapeshifting  | 1 |  1.7
Conjurations   | 1 |  1.5
Hexes          | 1 |  1.5
Summonings     | 1 |  1.5
Necromancy     | 1 |  1.5
Translocations | 1 |  1.5
Fire Magic     | 1 |  1.5
Ice Magic      | 1 |  1.5
Air Magic      | 1 |  1.5
Earth Magic    | 1 |  1.5
Alchemy        | 1 |  1.5
Long Blades    | 5 |  5.0
Fighting       | |  6.8
Armour         | |  6.8
Shields        | |  6.8

Action                     |  1- 3 |  4- 6 || total
---------------------------+-------+-------++-------
  Melee: Long sword        |    86 |   179 ||   265
         Bite              |     4 |    23 ||    27
 Armour: Scale mail        |    56 |   170 ||   226
  Dodge: Dodged            |    28 |   110 ||   138
  Block: Buckler           |    19 |    54 ||    73

Table legend: (Time is in decaauts)
 A = Elapsed time spent in this place.
 B = Non-inter-level travel time spent in this place.
 C = Inter-level travel time spent in this place.
 D = Time resting spent in this place.
 E = Time spent auto-exploring this place.
 F = Levels seen in this place.
 G = Mean time per level.
                   A        B        C        D        E       F      G
               +--------+--------+--------+--------+--------+-----+--------+
         Total |   3000 |   2930 |     70 |    124 |   2225 |   4 |  750.0 |
       Dungeon |   3000 |   2930 |     70 |    124 |   2225 |   4 |  750.0 |
               +--------+--------+--------+--------+--------+-----+--------+

Top non-repeatable levels by time:
     D:2: 833 daAuts
     D:4: 827 daAuts
     D:3: 793 daAuts
     D:1: 546 daAuts
